 Dungeon Sprint DCSS version 0.30-a0-377-g5cb311bc9f (webtiles) character file.

Game seed: 4386689111906189951

74052 rocky1 the Blinker (level 15, -3/156 HPs)
             Began as a Naga Warper on Nov 28, 2022.
             Was the Champion of Cheibriados.
             Killed from afar by a storm dragon (33 damage)
             ... with a bolt of lightning
             ... in the Dungeon (Sprint VII: "The Pits").
             The game lasted 00:30:49 (5451 turns).

rocky1 the Blinker (Naga Warper)                    Turns: 5451, Time: 00:30:49

Health: -3/156     AC: 19    Str: 31    XL:     15   Next: 45%
Magic:  22/33      EV: 22    Int: 32    God:    Cheibriados [******]
Gold:   45         SH:  8    Dex: 30    Spells: 19/42 levels left

rFire   . . .      SeeInvis +    P - +3 demon whip (elec)
rCold   . . .      Faith    .    a - +0 buckler
rNeg    . . .      Spirit   .    O - +1 troll leather armour {Snorg}
rPois   +          Reflect  .    m - +0 helmet
rElec   .          Harm     .    R - +1 cloak
rCorr   .          Rampage  .    t - +0 pair of gloves
Will    +....      NoTele   +    (no barding)
Stlth   ++++......               (no amulet)
HPRegen 1.26/turn                p - +3 ring of protection
MPRegen 0.23/turn                r - +3 ring of dexterity

@: very slow
A: AC +5, large, see invisible, deformed body, poison resistance, slowness 2,
spit poison 1, naga tail 2
a: Spit Poison, Renounce Religion, Bend Time, Temporal Distortion, Slouch, Step
From Time


You were in the Dungeon.
You worshipped Cheibriados.
Cheibriados was exalted by your worship.
You visited 1 branch You collected 45 gold pieces.

Inventory:

Hand Weapons
 u - a +2 vorpal dire flail
 v - a +1 broad axe of freezing
 B - the +2 broad axe "Deduuj" {vorpal, Contam rElec rC++ Int+4}
   (You found it in the Dungeon)

   It inflicts extra damage upon your enemies.
   Int:       It affects your intelligence (+4).
   rC:        It greatly protects you from cold.
   rElec:     It insulates you from electricity.
   Contam:    It causes magical contamination when unequipped.
 E - a +2 great mace of holy wrath
 M - the +0 staff of Battle
   (You found it in the Dungeon)

   It enhances your conjuration magic.
   It summons a battlesphere in combat, with strength depending on Conjurations
   skill.
   Its strikes trigger the battlesphere's blasts.
 P - a +3 demon whip of electrocution (weapon)
Missiles
 b - 8 boomerangs
 d - a boomerang of dispersal (quivered)
 n - a throwing net
 o - 2 silver boomerangs
 J - 3 javelins
Armour
 a - a +0 buckler (worn)
 m - a +0 helmet (worn)
 t - a +0 pair of gloves (worn)
 I - a +2 leather armour of fire resistance
 L - a +3 scale mail of cold resistance
 O - a +1 troll leather armour (worn) {Snorg}
 Q - a +4 ring mail of cold resistance
 R - a +1 cloak (worn)
Jewellery
 p - a +3 ring of protection (left hand)
 r - a +3 ring of dexterity (right hand)
 H - a ring of willpower
Scrolls
 c - 3 scrolls of blinking
 k - 8 scrolls of amnesia
 l - 2 scrolls of summoning
 C - 7 scrolls of enchant weapon
 D - 4 scrolls of enchant armour
 F - a scroll of fog
 G - a scroll of identify
Potions
 e - 12 potions of curing
 f - 11 potions of heal wounds
 g - 2 potions of haste
 i - 2 potions of berserk rage
 j - 2 potions of invisibility
 q - a potion of might
 s - a potion of brilliance
 z - 2 potions of mutation
Miscellaneous
 w - a phial of floods
 A - a phantom mirror


   Skills:
 + Level 15.9 Fighting
 + Level 13.0(16.1) Axes
 - Level 15.4(17.2) Maces & Flails
 - Level 1.1 Throwing
 + Level 13.6 Armour
 + Level 12.9 Dodging
 - Level 4.8 Stealth
 + Level 7.6 Shields
 + Level 14.4 Spellcasting
 + Level 17.4 Translocations
 + Level 13.4 Air Magic
 - Level 14.7 Invocations


You had 19 spell levels left.
You knew the following spells:

 Your Spells              Type           Power      Damage    Failure   Level
a - Blink                 Tloc           100%       N/A       0%          2
b - Vhi's Electric Charg  Tloc/Air       100%       N/A       0%          3
c - Manifold Assault      Tloc           94%        N/A       1%          4
d - Lesser Beckoning      Tloc           100%       N/A       0%          3
e - Teleport Other        Tloc           94%        N/A       0%          3
f - Gell's Gravitas       Tloc           94%        N/A       0%          3
g - Lightning Bolt        Conj/Air       30%        1d47      4%          5

Your spell library contained the following spells:

 Spells                   Type           Power      Damage    Failure   Level
 Static Discharge         Conj/Air       100%       2-7/arc   1%          2
 Kindle Blastsparks       Fire/Tloc/Air  100%       2d18      1%          3
 Mephitic Cloud           Conj/Pois/Air  51%        N/A       1%          3
 Arcjolt                  Conj/Air       30%        1d40      4%          5
 Spider Form              Tmut/Pois      23%        N/A       8%          3
 Summon Ice Beast         Ice/Summ       23%        N/A       24%         4
 Conjure Ball Lightning   Conj/Air       30%        3x3d10    24%         6
 Alistair's Intoxication  Tmut/Pois      15%        N/A       56%         5
 Fireball                 Conj/Fire      11%        3d7       56%         5
 Iskenderun's Battlesphe  Conj           23%        2d8       56%         5
 Iron Shot                Conj/Erth      11%        9d3       98%         6
 Orb of Destruction       Conj           11%        9d6       100%        7
 Chain Lightning          Conj/Air       30%        3d40      100%        9


Dungeon Overview and Level Annotations

Branches:
Dungeon (1/1)

Altars:
Ashenzari
Cheibriados
Dithmenos
Elyvilon
Fedhas
Gozag
Hepliaklqana
Kikubaaqudgha
Makhleb
Nemelex Xobeh
Okawaru
Qazlal
Ru
Sif Muna
Trog
Uskayaw
Vehumet
Wu Jian
Xom
Yredelemnul
Zin
The Shining One
Jiyva
Lugonu


Innate Abilities, Weirdness & Mutations

Your serpentine skin is tough. (AC +5)
You have supernaturally acute eyesight. (SInv)
Armour fits poorly on your strangely shaped body.
Your system is resistant to poisons. (rPois)
You cover ground very slowly.
You can spit poison.
You can use your snake-like lower body to constrict enemies.


Message History

The storm dragon is severely wounded.
The storm dragon completely misses you. You block the storm dragon's attack.
The storm dragon completely misses you.
You barely miss the storm dragon.
The storm dragon is severely wounded.
The storm dragon bites you! The storm dragon misses you.
The storm dragon closely misses you.
You whack the storm dragon!
The storm dragon is almost dead.
You whack the storm dragon!
The storm dragon is almost dead.
The storm dragon completely misses you. x2; The storm dragon tramples you.
You stumble backwards!
You hit the storm dragon but do no damage.
The storm dragon is almost dead.
You hit the storm dragon but do no damage.
The storm dragon is almost dead.
The storm dragon breathes lightning at you.
The bolt of lightning hits you!!
* * * LOW HITPOINT WARNING * * *
A storm dragon comes into view.
You hit the storm dragon.
The storm dragon is almost dead.
The storm dragon closely misses you. The storm dragon claws you.
* * * LOW HITPOINT WARNING * * *
The storm dragon closely misses you.
You hit the storm dragon.
You kill the storm dragon!
Cheibriados thoroughly appreciates the change of pace.
Your base Axes skill increases to level 13!
You hit the storm dragon but do no damage.
The storm dragon breathes lightning at you.
The bolt of lightning hits you!!
* * * LOW HITPOINT WARNING * * *
You hear a shout!
Unknown command.
You feel much better.
The storm dragon breathes lightning at you.
The bolt of lightning hits you!!
You die...

.........#........#
....#....#........#
#'###)...)........# #
#........#######.## #
##.###..##)............#
..........##..)..........#
........J..##'#####)#####
###)###.#D..#..)..#...)..##
........#.@....÷.........##
)..).)..#...#.........)..##
J).)..).....#....)#...)))))
†):...[)#...#..)[.#......''
###########################
########## ........++
........++
###############..##


You could see a storm dragon (catching breath) and an acid blob.

Vanquished Creatures
  A deep elf master archer (D)
  A deep elf blademaster (D)
  A sphinx (D)
  A storm dragon (D)
  2 fire giants (D)
  2 frost giants (D)
  A deep elf sorcerer (D)
  2 emperor scorpions (D)
  2 ghouls (D)
  3 orc warlords (D)
  A black draconian (D)
  A purple draconian (D)
  A dire elephant (D)
  A lorocyproca (D)
  Snorg (D)
  2 blizzard demons (D)
  A great orb of eyes (D)
  A merfolk javelineer (D)
  2 merfolk impalers (D)
  An ice dragon (D)
  3 yaktaur captains (D)
  3 vault guards (D)
  A merfolk avatar (D)
  Erica (D)
  An anaconda (D)
  2 death knights (D)
  A two-headed ogre (D)
  2 merfolk aquamancers (D)
  A boulder beetle (D)
  3 naga warriors (D)
  An alligator (D)
  A spriggan berserker (D)
  7 hell hogs (D)
  An orc high priest (D)
  A soul eater (D)
  A naga sharpshooter (D)
  4 deep elf knights (D)
  A sixfirhy (D)
  A fire crab (D)
  An iron troll (D)
  A deep troll (D)
  2 spriggan druids (D)
  A lindwurm (D)
  A phantasmal warrior (D)
  2 bog bodies (D)
  A wizard (D)
  8 harpies (D)
  A deep elf zephyrmancer (D)
  An orc sorcerer (D)
  A wolf spider (D)
  10 orc knights (D)
  2 cyclopes (D)
  An elephant (D)
  2 black mambas (D)
  2 molten gargoyles (D)
  2 eyes of devastation (D)
  A naga mage (D)
  2 kobold demonologists (D)
  An orange demon (D)
  A yaktaur (D)
  An unseen horror (D)
  An efreet (D)
  A freezing wraith (D)
  A rime drake (D)
  A yaktaur (shapeshifter) (D)
  2 red devils (D)
  11 merfolk (D)
  3 guardian mummies (D)
  A tyrant leech (D)
  A hornet (D)
  2 shadows (D)
  A ynoxinul (D)
  A spriggan (D)
  A flying skull (D)
  6 water elementals (D)
  A vampire (D)
  2 wyverns (D)
  A fire elemental (D)
  6 yaks (D)
  A basilisk (D)
  2 redbacks (D)
  4 nagas (D)
  3 wargs (D)
  4 hell hounds (D)
  A floating eye (D)
  A small abomination (D)
  9 orc warriors (D)
  An ice beast (D)
  2 kobold brigands (D)
  A bullfrog (D)
  2 scorpions (D)
  9 killer bees (D)
  A crimson imp (D)
  2 hounds (D)
  2 quasits (D)
  3 orc priests (D)
  An iguana (D)
  An orc wizard (D)
  A hell rat (D)
  A mummy (D)
  A gnoll (D)
  A river rat (D)
  An adder (D)
  An adder zombie (D)
  14 orcs (D)
  2 ball pythons (D)
  2 bats (D)
  A bat skeleton (D)
  A bat zombie (D)
  An endoplasm (D)
  A giant cockroach (D)
  A hobgoblin (D)
  4 jackals (D)
  A ball python zombie (D)
  A frilled lizard (D)
  A jackal zombie (D)
  3 kobolds (D)
  A quokka zombie (D)
242 creatures vanquished.

Vanquished Creatures (others)
  A draconian knight (D)
  A shadow wraith (D)
  A bat (D)
3 creatures vanquished.

Grand Total: 245 creatures vanquished

Notes
Turn   | Place    | Note
-------+----------+-------------------------------------------
     0 | D        | rocky1 the Naga Warper began the quest for the Orb.
     0 | D        | Reached XP level 1. HP: 19/19 MP: 3/3
    25 | D        | Found a bloodstained altar of Trog.
    25 | D        | Found a shimmering blue altar of Sif Muna.
    25 | D        | Found a viscous altar of Jiyva.
    25 | D        | Found a hazy altar of Hepliaklqana.
    25 | D        | Found an opulent altar of Gozag.
    47 | D        | Found a glowing golden altar of the Shining One.
    47 | D        | Found a glowing silver altar of Zin.
    47 | D        | Found a basalt altar of Yredelemnul.
    47 | D        | Found a shimmering altar of Xom.
    47 | D        | Found an ornate altar of the Wu Jian Council.
    47 | D        | Found a sacrificial altar of Ru.
    47 | D        | Found a stormy altar of Qazlal.
    47 | D        | Found an iron altar of Okawaru.
    47 | D        | Found a sparkling altar of Nemelex Xobeh.
    47 | D        | Found a burning altar of Makhleb.
    47 | D        | Found a blossoming altar of Fedhas.
    47 | D        | Found a white marble altar of Elyvilon.
    47 | D        | Found a shadowy altar of Dithmenos.
    47 | D        | Found a snail-covered altar of Cheibriados.
    48 | D        | Found a radiant altar of Vehumet.
    48 | D        | Found a corrupted altar of Lugonu.
    49 | D        | Found a hide-covered altar of Uskayaw.
    49 | D        | Found an ancient bone altar of Kikubaaqudgha.
    49 | D        | Found a broken altar of Ashenzari.
    55 | D        | Became a worshipper of Cheibriados the Contemplative
    69 | D        | Noticed a floating eye
    73 | D        | Paralysed by a floating eye for 4 turns
    77 | D        | Killed a floating eye
    78 | D        | Reached skill level 1 in Throwing
    78 | D        | Reached skill level 1 in Armour
    78 | D        | Reached skill level 7 in Translocations
    78 | D        | Reached XP level 2. HP: 28/28 MP: 3/6
    78 | D        | Reached XP level 3. HP: 34/34 MP: 4/8
    78 | D        | Reached XP level 4. HP: 42/42 MP: 4/9
   127 | D        | Reached * piety under Cheibriados
   132 | D        | Noticed a scorpion
   148 | D        | Killed a scorpion
   148 | D        | Reached ** piety under Cheibriados
   149 | D        | Reached XP level 5. HP: 30/50 MP: 9/11
   422 | D        | Noticed an ice beast
   433 | D        | Killed an ice beast
   434 | D        | Reached skill level 8 in Translocations
   434 | D        | Reached XP level 6. HP: 40/58 MP: 12/12
   438 | D        | Reached *** piety under Cheibriados
   587 | D        | Noticed a warg
   593 | D        | Killed a warg
   593 | D        | Reached **** piety under Cheibriados
   594 | D        | Reached skill level 5 in Fighting
   594 | D        | Reached skill level 5 in Maces & Flails
   594 | D        | Reached skill level 1 in Stealth
   594 | D        | Reached skill level 9 in Translocations
   656 | D        | Learned a level 2 spell: Blink
   660 | D        | Learned a level 3 spell: Vhi's Electric Charge
   665 | D        | Learned a level 4 spell: Manifold Assault
   669 | D        | Learned a level 3 spell: Lesser Beckoning
   787 | D        | Reached ***** piety under Cheibriados
   790 | D        | Noticed a warg
   806 | D        | Killed a warg
   807 | D        | Reached XP level 7. HP: 33/67 MP: 12/14
  1155 | D        | Noticed a ynoxinul
  1155 | D        | Noticed an orc knight
  1155 | D        | Noticed an orc sorcerer
  1156 | D        | Reached ****** piety under Cheibriados
  1158 | D        | Killed a ynoxinul
  1158 | D        | Killed an orc sorcerer
  1159 | D        | Reached skill level 5 in Armour
  1159 | D        | Reached skill level 5 in Dodging
  1159 | D        | Reached XP level 8. HP: 78/78 MP: 4/15
  1162 | D        | Killed an orc knight
  1163 | D        | Reached skill level 5 in Spellcasting
  1163 | D        | Reached skill level 1 in Air Magic
  1163 | D        | Reached XP level 9. HP: 63/86 MP: 5/16
  1315 | D        | Noticed an orc high priest
  1319 | D        | Noticed a sun demon
  1319 | D        | Noticed a rust devil
  1319 | D        | Killed an orc high priest
  1420 | D        | Noticed a deep elf zephyrmancer
  1420 | D        | Noticed a molten gargoyle
  1424 | D        | Killed a deep elf zephyrmancer
  1424 | D        | Killed a molten gargoyle
  1525 | D        | Noticed an ice dragon
  1531 | D        | Killed an ice dragon
  1532 | D        | Reached skill level 10 in Translocations
  1532 | D        | Reached XP level 10. HP: 29/96 MP: 5/19
  1726 | D        | Noticed a hell hog
  1729 | D        | Noticed a hell hog
  1730 | D        | Killed a hell hog
  1731 | D        | Reached skill level 10 in Maces & Flails
  1731 | D        | Killed a hell hog
  1731 | D        | Noticed a kobold demonologist
  1731 | D        | Noticed a kobold demonologist
  1733 | D        | Noticed a hell hog
  1734 | D        | Killed a kobold demonologist
  1736 | D        | Noticed an orange demon
  1736 | D        | Killed a kobold demonologist
  1739 | D        | Killed a hell hog
  1740 | D        | Reached skill level 11 in Translocations
  1872 | D        | Noticed a great orb of eyes
  1884 | D        | Killed a great orb of eyes
  1885 | D        | Reached XP level 11. HP: 95/106 MP: 15/22
  2080 | D        | Noticed a merfolk impaler
  2084 | D        | Killed a merfolk impaler
  2085 | D        | Reached skill level 12 in Translocations
  2204 | D        | Got the Secrets of Airy Toxins
  2337 | D        | Learned a level 3 spell: Teleport Other
  2341 | D        | Learned a level 3 spell: Gell's Gravitas
  2402 | D        | Noticed a death knight
  2412 | D        | Killed a death knight
  2530 | D        | Noticed a cyclops
  2541 | D        | Noticed a shadow wraith
  2542 | D        | Reached skill level 1 in Axes
  2550 | D        | Killed a shadow wraith
  2557 | D        | Killed a cyclops
  2558 | D        | Reached skill level 10 in Fighting
  2604 | D        | Noticed an orc knight
  2605 | D        | Noticed Erica
  2613 | D        | Killed an orc knight
  2613 | D        | Noticed a two-headed ogre
  2614 | D        | Killed Erica
  2615 | D        | Reached XP level 12. HP: 114/116 MP: 15/25
  2621 | D        | Killed a two-headed ogre
  2622 | D        | Reached skill level 5 in Air Magic
  2667 | D        | Noticed a merfolk aquamancer
  2670 | D        | Reached skill level 13 in Translocations
  2670 | D        | Killed a merfolk aquamancer
  2782 | D        | Reached skill level 5 in Axes
  2863 | D        | Noticed a boulder beetle
  2867 | D        | Reached skill level 10 in Spellcasting
  2867 | D        | Killed a boulder beetle
  3000 | D        | Got the +2 broad axe "Deduuj" {vorpal, Contam rElec rC++
                  | Int+4}
  3136 | D        | Noticed a merfolk avatar
  3140 | D        | Noticed a merfolk javelineer
  3144 | D        | Killed a merfolk avatar
  3145 | D        | Reached skill level 10 in Armour
  3149 | D        | Killed a merfolk javelineer
  3152 | D        | Gained mutation: You can use your snake-like lower body to
                  | constrict enemies. [Naga growth]
  3152 | D        | Reached XP level 13. HP: 92/128 MP: 8/27
  3153 | D        | Noticed a deep elf sorcerer
  3161 | D        | Killed a deep elf sorcerer
  3168 | D        | Reached skill level 14 in Translocations
  3321 | D        | Noticed an emperor scorpion
  3337 | D        | Killed an emperor scorpion
  3405 | D        | Found the +0 staff of Battle
  3421 | D        | Got Sif Muna's Volume of the Snowflakes and the Impact
  3486 | D        | Noticed an orc warlord
  3487 | D        | Noticed an orc warlord
  3512 | D        | Killed an orc warlord
  3517 | D        | Reached skill level 10 in Dodging
  3719 | D        | Killed an orc warlord
  3721 | D        | Noticed Snorg
  3736 | D        | Killed Snorg
  3920 | D        | Noticed a yaktaur captain
  3923 | D        | Reached skill level 15 in Translocations
  3931 | D        | Killed a yaktaur captain
  3932 | D        | Reached skill level 15 in Maces & Flails
  3953 | D        | Noticed a vault guard
  3970 | D        | Killed a vault guard
  3971 | D        | Reached skill level 10 in Air Magic
  4016 | D        | Noticed a fire giant
  4024 | D        | Killed a fire giant
  4025 | D        | Reached XP level 14. HP: 109/141 MP: 27/30
  4109 | D        | Noticed a frost giant
  4119 | D        | Killed a frost giant
  4120 | D        | Reached skill level 10 in Axes
  4358 | D        | Learned a level 5 spell: Lightning Bolt
  4399 | D        | Reached skill level 1 in Shields
  4597 | D        | Noticed a fire giant
  4604 | D        | Noticed a dire elephant
  4607 | D        | Killed a fire giant
  4620 | D        | Killed a dire elephant
  4792 | D        | Noticed a lorocyproca
  4796 | D        | Reached skill level 16 in Translocations
  4804 | D        | Killed a lorocyproca
  4897 | D        | Identified the +1 mace "Muusaf" {drain, Will+ Int+4 Dex+4}
  4923 | D        | Identified the ring of Emoen {rElec rN+ Int+6}
  5148 | D        | Noticed a ghoul
  5152 | D        | Reached skill level 5 in Shields
  5158 | D        | Killed a ghoul
  5159 | D        | Noticed a sphinx
  5160 | D        | Noticed a ghoul
  5162 | D        | Reached skill level 15 in Fighting
  5166 | D        | Paralysed by a sphinx for 4 turns
  5168 | D        | Noticed a purple draconian
  5172 | D        | Killed a sphinx
  5173 | D        | Reached XP level 15. HP: 82/154 MP: 1/32
  5179 | D        | Killed a ghoul
  5348 | D        | Reached skill level 17 in Translocations
  5389 | D        | Noticed a deep elf blademaster
  5393 | D        | Noticed an emperor scorpion
  5393 | D        | Noticed a black draconian knight
  5399 | D        | Killed a deep elf blademaster
  5401 | D        | Killed an emperor scorpion
  5401 | D        | Noticed an orc warlord
  5402 | D        | Noticed a frost giant
  5406 | D        | Killed a black draconian knight
  5410 | D        | Noticed a deep elf master archer
  5411 | D        | Killed a frost giant
  5414 | D        | Killed an orc warlord
  5415 | D        | Killed a deep elf master archer
  5415 | D        | Noticed an acid blob
  5425 | D        | Noticed a storm dragon
  5447 | D        | Noticed a storm dragon
  5449 | D        | Killed a storm dragon
  5450 | D        | HP: 3/156 [storm dragon/bolt of lightning (24)]
  5451 | D        | Killed from afar by a storm dragon

Illustrated notes

Levels and vault maps discovered:
D:        pitsprint [storerooms_1, entrance_room_1, metal_vault_1, armoury_2,
          mini_pit_1, grid_room_1, main_hall_1, silver_pit, the_coven_3,
          the_vestibule_1, steel_vault_3, golden_pit, hallway_of_sentries,
          crystal_vault_1, iron_vault_2, final_vault]

Skill      XL: |  1  2  3  4  5  6  7  8  9 10 11 12 13 14 15 |
---------------+----------------------------------------------+-----
Fighting       | 3 4 5 6 7 8 9 10 11 13 15 | 15.9
Maces & Flails | 3 4 6 8 9 11 12 13 15 | 15.4
Throwing       | 1 |  1.1
Armour         | 1 2 4 5 6 7 8 10 11 12 13 | 13.6
Dodging        | 2 3 4 5 6 7 9 10 12 | 12.9
Spellcasting   | 3 4 5 7 9 10 12 13 14 | 14.4
Translocations | 7 8 9 10 11 12 13 15 16 17 | 17.4
Stealth        | 1 2 4 |  4.8
Invocations    | 4 6 7 12 14 | 14.7
Air Magic      | 1 2 4 7 10 12 13 | 13.4
Axes           | 3 6 9 11 13 | 13.0
Shields        | 5 7 |  7.6

Action                   |  1- 3 |  4- 6 |  7- 9 | 10-12 | 13-15 || total
-------------------------+-------+-------+-------+-------+-------++-------
Melee: Mace              |     8 |    70 |     4 |       |       ||    82
       Punch             |       |     1 |       |       |       ||     1
       Dire flail        |       |       |    12 |   124 |   165 ||   301
       Constrict         |       |       |       |       |    58 ||    58
       Demon whip        |       |       |       |       |   193 ||   193
Throw: Boomerang         |       |     3 |       |     3 |       ||     6
 Cast: Vhi's Electric Ch |       |     1 |     1 |     2 |     4 ||     8
       Manifold Assault  |       |       |     3 |    11 |    31 ||    45
Invok: Slouch            |       |       |     8 |    23 |    40 ||    71
 Abil: Spit Poison       |       |     2 |     1 |     3 |     6 ||    12
  Use: Potion            |       |     4 |       |     1 |     6 ||    11
       Scroll            |       |       |       |       |     1 ||     1
 Stab: Sleeping          |       |       |       |     2 |       ||     2
       Distracted        |       |       |       |       |     2 ||     2
Armor: Leather armour    |     1 |    20 |       |       |       ||    21
       Ring mail         |       |       |     5 |    18 |       ||    23
       Troll leather arm |       |       |       |    12 |    78 ||    90
Dodge: Dodged            |     1 |    47 |     7 |    89 |   201 ||   345
Block: Buckler           |       |       |       |       |    50 ||    50

Table legend: (Time is in decaauts)
 A = Elapsed time spent in this place.
 B = Non-inter-level travel time spent in this place.
 C = Inter-level travel time spent in this place.
 D = Time resting spent in this place.
 E = Time spent auto-exploring this place.
 F = Levels seen in this place.
 G = Mean time per level.
                   A        B        C        D        E       F      G
               +--------+--------+--------+--------+--------+-----+--------+
         Total |   7459 |   7254 |    205 |   3318 |      0 |   1 | 7459.0 |
       Dungeon |   7459 |   7254 |    205 |   3318 |      0 |   1 | 7459.0 |
               +--------+--------+--------+--------+--------+-----+--------+

Top non-repeatable levels by time:
       D: 7459 daAuts
